[ AOE2 MATCH · #483550303 ]
1v1 RMLithuanians vs Poles
Player's team · LOSS
Rival team · WIN
[ REPLAY ANALYSIS · EXTRACTED FROM THE RECORDED GAME ]
Feudal
9:21
Castle
19:09
Imperial
—
| APM avg | 62.7 |
| APM peak | 110 |
| eAPM avg | 31.5 |
| Villagers / military | 67 / 36 |
Focus
⚔️ 24.6% · 🌾 75.4%
Knight ×25 · Scout Cavalry ×6 · Mangonel ×3 · Spearman ×1 · Monk ×1
Feudal
9:20
Castle
24:34
Imperial
—
| APM avg | 49.9 |
| APM peak | 90 |
| eAPM avg | 26.0 |
| Villagers / military | 119 / 96 |
Focus
⚔️ 32.5% · 🌾 67.5%
Archer ×45 · Spearman ×33 · Militia ×18
Match map
Resources at game start + every placement click. Thick line = wall · dashed box = detected house wall. 🟡 gold · ⚪ stone · 🟢 berries · 🔶 boar · ⭕ relic
Inputs per minute
— Lith_KING - - Mark_
Build order — Lith_KING
First 150 of 196 actions detected
| 0:00 | Create | Villager (Male) |
| 0:00 | Create | Villager (Male) |
| 0:00 | Create | Villager (Male) |
| 0:01 | Create | Villager (Male) |
| 0:03 | Build | House |
| 0:04 | Build | House |
| 0:05 | Create | Villager (Male) |
| 0:28 | Create | Villager (Male) |
| 1:31 | Create | Villager (Male) |
| 1:49 | Build | Lumber Camp |
| 2:07 | Create | Villager (Male) |
| 2:38 | Create | Villager (Male) |
| 3:18 | Create | Villager (Male) |
| 3:23 | Build | House |
| 3:24 | Build | House |
| 3:37 | Create | Villager (Male) |
| 4:35 | Build | Mill |
| 4:41 | Create | Villager (Male) |
| 4:52 | Create | Villager (Male) |
| 5:02 | Create | Villager (Male) |
| 5:03 | Create | Villager (Male) |
| 6:15 | Create | Villager (Male) |
| 6:16 | Research | Loom |
| 7:04 | Research | Feudal Age |
| 7:36 | Build | Barracks |
| 7:49 | Create | Villager (Male) |
| 8:16 | Build | House |
| 8:53 | Build | House |
| 9:21 | Age | Feudal Age |
| 9:30 | Build | Stable |
| 9:47 | Create | Villager (Male) |
| 9:48 | Create | Villager (Male) |
| 9:48 | Create | Villager (Male) |
| 9:54 | Build | Lumber Camp |
| 10:02 | Build | House |
| 10:04 | Create | Villager (Male) |
| 10:05 | Research | Double-Bit Axe |
| 10:11 | Create | Scout Cavalry |
| 10:11 | Create | Scout Cavalry |
| 10:12 | Create | Scout Cavalry |
| 10:12 | Create | Scout Cavalry |
| 10:31 | Create | Spearman |
| 10:44 | Build | Farm |
| 10:52 | Create | Villager (Male) |
| 11:41 | Create | Villager (Male) |
| 12:01 | Create | Villager (Male) |
| 12:01 | Create | Villager (Male) |
| 12:05 | Build | Farm |
| 12:07 | Build | Farm |
| 12:07 | Build | Farm |
| 12:18 | Create | Villager (Male) |
| 12:22 | Build | Mining Camp |
| 12:42 | Create | Villager (Male) |
| 13:18 | Build | Farm |
| 13:20 | Build | Farm |
| 13:20 | Build | Farm |
| 13:34 | Build | Farm |
| 13:36 | Build | Farm |
| 13:37 | Build | Farm |
| 13:39 | Build | Farm |
| 13:42 | Build | Farm |
| 13:44 | Create | Villager (Male) |
| 13:47 | Build | Farm |
| 13:49 | Build | Farm |
| 13:50 | Build | Farm |
| 13:51 | Build | Farm |
| 14:24 | Create | Villager (Male) |
| 14:24 | Create | Villager (Male) |
| 14:24 | Create | Villager (Male) |
| 14:25 | Create | Villager (Male) |
| 14:25 | Create | Villager (Male) |
| 14:30 | Build | House |
| 14:34 | Build | Blacksmith |
| 15:10 | Create | Villager (Male) |
| 15:19 | Build | House |
| 15:31 | Create | Villager (Male) |
| 15:32 | Create | Villager (Male) |
| 15:46 | Build | Stable |
| 15:49 | Build | Stable |
| 15:59 | Build | Farm |
| 16:23 | Research | Castle Age |
| 16:36 | Build | Stable |
| 16:50 | Research | Forging |
| 17:04 | Create | Scout Cavalry |
| 17:13 | Create | Scout Cavalry |
| 17:22 | Build | Lumber Camp |
| 17:37 | Build | Watch Tower |
| 17:43 | Build | Palisade Wall |
| 17:45 | Build | Palisade Wall |
| 18:54 | Build | House |
| 19:09 | Age | Castle Age |
| 19:14 | Create | Knight ×3 |
| 20:01 | Create | Knight |
| 20:02 | Create | Knight |
| 20:02 | Create | Knight |
| 20:45 | Create | Knight |
| 20:45 | Create | Knight |
| 20:46 | Create | Villager (Male) |
| 20:57 | Build | Farm |
| 21:02 | Create | Villager (Male) |
| 21:09 | Build | Mining Camp |
| 21:17 | Create | Knight |
| 21:40 | Create | Knight |
| 21:41 | Create | Knight |
| 21:41 | Create | Knight |
| 22:03 | Create | Villager (Male) |
| 22:31 | Create | Villager (Male) |
| 22:35 | Build | Town Center |
| 22:41 | Create | Villager (Male) |
| 22:48 | Build | Monastery |
| 22:54 | Build | Monastery |
| 22:59 | Create | Villager (Male) |
| 23:21 | Create | Villager (Male) |
| 23:43 | Create | Knight |
| 23:46 | Create | Monk |
| 23:54 | Research | Scale Barding Armor |
| 24:03 | Build | House |
| 24:04 | Build | House |
| 24:05 | Build | House |
| 24:05 | Build | House |
| 24:05 | Build | House |
| 24:07 | Build | House |
| 24:12 | Create | Knight |
| 24:51 | Research | Bloodlines |
| 25:06 | Create | Knight |
| 25:10 | Create | Villager (Male) |
| 25:29 | Create | Knight |
| 25:43 | Create | Villager (Male) |
| 26:15 | Create | Knight |
| 26:22 | Build | Farm |
| 26:22 | Build | Farm |
| 26:26 | Build | Farm |
| 26:26 | Build | Farm |
| 26:27 | Build | Farm |
| 26:35 | Build | Town Center |
| 26:46 | Build | Castle |
| 26:54 | Create | Knight |
| 26:55 | Create | Knight |
| 27:08 | Create | Villager (Male) |
| 27:37 | Build | Mining Camp |
| 27:53 | Build | Farm |
| 28:12 | Create | Villager (Male) |
| 29:01 | Build | Stable |
| 29:02 | Build | Stable |
| 29:08 | Create | Villager (Male) |
| 29:12 | Create | Villager (Male) |
| 29:12 | Create | Villager (Male) |
| 29:15 | Build | Lumber Camp |
| 29:18 | Build | Farm |
| 29:22 | Create | Knight |
Build order — Mark_
First 150 of 353 actions detected
| 0:00 | Create | Villager (Male) |
| 0:01 | Create | Villager (Male) |
| 0:01 | Create | Villager (Male) |
| 0:02 | Build | House |
| 0:03 | Build | House |
| 0:04 | Create | Villager (Male) |
| 0:04 | Create | Villager (Male) |
| 1:33 | Create | Villager (Male) |
| 1:33 | Create | Villager (Male) |
| 1:47 | Build | Lumber Camp |
| 2:02 | Create | Villager (Male) |
| 2:02 | Create | Villager (Male) |
| 2:22 | Create | Villager (Male) |
| 2:23 | Create | Villager (Male) |
| 2:44 | Create | Villager (Male) |
| 2:45 | Create | Villager (Male) |
| 3:08 | Create | Villager (Male) |
| 3:09 | Create | Villager (Male) |
| 3:33 | Build | Mill |
| 3:49 | Create | Villager (Male) |
| 3:49 | Create | Villager (Male) |
| 3:49 | Create | Villager (Male) |
| 4:33 | Create | Villager (Male) |
| 4:33 | Create | Villager (Male) |
| 4:33 | Create | Villager (Male) |
| 5:22 | Create | Villager (Male) |
| 5:23 | Create | Villager (Male) |
| 5:23 | Create | Villager (Male) |
| 5:23 | Create | Villager (Male) |
| 5:41 | Create | Villager (Male) |
| 5:41 | Create | Villager (Male) |
| 5:43 | Create | Villager (Male) |
| 5:56 | Research | Loom |
| 6:18 | Create | Villager (Male) |
| 6:18 | Create | Villager (Male) |
| 6:37 | Create | Villager (Male) |
| 7:10 | Research | Feudal Age |
| 7:11 | Research | Feudal Age |
| 7:21 | Build | Palisade Wall |
| 7:59 | Build | Lumber Camp |
| 8:00 | Create | Villager (Male) |
| 8:00 | Create | Villager (Male) |
| 8:04 | Build | House |
| 8:54 | Build | Palisade Wall |
| 9:00 | Build | House |
| 9:20 | Build | Palisade Wall |
| 9:20 | Age | Feudal Age |
| 9:30 | Create | Villager (Male) |
| 9:32 | Research | Double-Bit Axe |
| 9:42 | Create | Villager (Male) |
| 9:53 | Build | Barracks |
| 10:08 | Create | Villager (Male) |
| 10:09 | Create | Villager (Male) |
| 10:14 | Build | House |
| 10:24 | Create | Villager (Male) |
| 10:28 | Build | Farm |
| 10:33 | Create | Villager (Male) |
| 10:42 | Build | Palisade Wall |
| 11:08 | Build | Farm |
| 11:12 | Create | Spearman |
| 11:21 | Build | Mining Camp |
| 11:33 | Create | Spearman |
| 11:34 | Create | Villager (Male) |
| 11:53 | Build | Farm |
| 11:57 | Create | Spearman |
| 12:04 | Build | House |
| 12:38 | Build | House |
| 12:39 | Create | Villager (Male) |
| 12:40 | Create | Villager (Male) |
| 12:40 | Create | Villager (Male) |
| 12:41 | Create | Villager (Male) |
| 12:55 | Create | Villager (Male) |
| 13:05 | Create | Villager (Male) |
| 13:20 | Create | Villager (Male) |
| 13:32 | Build | Building 804 |
| 13:51 | Build | Mill |
| 13:52 | Build | Farm |
| 13:52 | Build | Farm |
| 13:52 | Build | Farm |
| 13:53 | Build | Farm |
| 13:53 | Build | Farm |
| 13:56 | Research | Horse Collar |
| 13:56 | Research | Horse Collar |
| 14:07 | Build | Archery Range |
| 14:13 | Create | Villager (Male) |
| 14:18 | Build | Farm |
| 14:20 | Build | Farm |
| 14:26 | Build | Farm |
| 14:40 | Build | Blacksmith |
| 14:45 | Research | Man-at-Arms (upgrade) |
| 14:45 | Research | Man-at-Arms (upgrade) |
| 14:48 | Research | Man-at-Arms (upgrade) |
| 14:48 | Research | Man-at-Arms (upgrade) |
| 14:52 | Research | Gold Mining |
| 14:52 | Research | Gold Mining |
| 14:53 | Create | Villager (Male) |
| 15:00 | Create | Villager (Male) |
| 15:08 | Create | Archer |
| 15:09 | Create | Villager (Male) |
| 15:19 | Build | Mining Camp |
| 15:21 | Create | Villager (Male) |
| 15:28 | Create | Militia |
| 15:30 | Create | Militia |
| 15:34 | Build | House |
| 15:36 | Create | Villager (Male) |
| 15:47 | Create | Archer |
| 15:47 | Create | Archer |
| 16:03 | Research | Forging |
| 16:03 | Research | Forging |
| 16:16 | Create | Militia |
| 16:20 | Create | Archer |
| 16:31 | Build | Barracks |
| 16:42 | Research | Fletching |
| 16:42 | Research | Fletching |
| 16:43 | Create | Villager (Male) |
| 17:14 | Create | Villager (Male) |
| 17:16 | Create | Archer |
| 17:16 | Create | Archer |
| 17:32 | Create | Villager (Male) |
| 17:35 | Build | House |
| 17:40 | Build | House |
| 17:43 | Create | Militia |
| 17:43 | Create | Militia |
| 17:44 | Create | Militia |
| 17:44 | Create | Militia |
| 18:31 | Create | Villager (Male) |
| 18:32 | Create | Villager (Male) |
| 18:34 | Create | Archer |
| 18:36 | Build | Archery Range |
| 18:38 | Create | Militia |
| 18:38 | Create | Militia |
| 18:51 | Create | Archer |
| 18:55 | Create | Villager (Male) |
| 18:58 | Create | Villager (Male) |
| 19:03 | Build | Mill |
| 19:03 | Build | Farm |
| 19:04 | Build | Farm |
| 19:04 | Build | Farm |
| 19:04 | Build | Farm |
| 19:04 | Build | Farm |
| 19:05 | Build | Farm |
| 19:08 | Create | Militia |
| 19:10 | Create | Archer |
| 19:24 | Create | Villager (Male) |
| 19:33 | Build | House |
| 20:08 | Create | Villager (Male) |
| 20:17 | Create | Villager (Male) |
| 20:18 | Create | Villager (Male) |
| 20:23 | Create | Villager (Male) |
| 20:26 | Create | Archer |
Match timeline
| 7:21 | Mark_ · wall_segment Palisade Wall x6 |
| 7:36 | Lith_KING · first_building Barracks |
| 8:54 | Mark_ · wall_segment Palisade Wall x7 |
| 9:20 | Mark_ · age_up feudal |
| 9:20 | Mark_ · wall_segment Palisade Wall x6 |
| 9:21 | Lith_KING · age_up feudal |
| 9:30 | Lith_KING · first_building Stable |
| 9:53 | Mark_ · first_building Barracks |
| 10:42 | Mark_ · wall_segment Palisade Wall x8 |
| 14:07 | Mark_ · first_building Archery Range |
| 17:43 | Lith_KING · wall_segment Palisade Wall x1 |
| 17:45 | Lith_KING · wall_segment Palisade Wall x1 |
| 19:09 | Lith_KING · age_up castle |
| 22:48 | Lith_KING · first_building Monastery |
| 24:34 | Mark_ · age_up castle |
| 26:46 | Lith_KING · first_building Castle |
| 30:52 | Lith_KING · first_building Siege Workshop |
| 34:25 | Mark_ · first_building Castle |
| 36:52 | Mark_ · first_building Monastery |
| 37:39 | Lith_KING · resign |
[ AI ANALYSIS · 1 CREDIT ]
What really happened in this match?
Wolo.gg analyzes every decision: build order, eco, micro, common mistakes by bracket. Personalized analysis on WhatsApp or Discord in 30 seconds.
Civ guide
Lithuanians
Map guide
Gold Rush
Perfil
Lith_KING